Jets vs Blues

Created - 10 février 2021 at 20:17

Goals
1 2 3 T
Jets 0 0 2 2
Blues 1 2 1 4
Shots
1 2 3 T
Jets 12 4 16 32
Blues 10 16 10 36

1st period

1. Blues , Ryan Pulock 10 (Christian Dvorak 22) at 5:29

Penalties :
No Penalty

2nd period

2. Blues , Josh Bailey 18 (Jack Eichel 43) at 8:35
3. Blues , Jack Eichel 36 (Mikko Rantanen 39, Dougie Hamilton 25) at 13:32

Penalties :
Nikita Zaitsev (WPG) for Slashing (Minor) at 10:28

3rd period

4. Jets , Brock Nelson 22 (Bryan Rust 24) at 1:59
5. Jets , Bryan Rust 23 (Hampus Lindholm 21, Brock Nelson 25) at 7:11
6. Blues , Seth Jones 11 (P.K. Subban 21, Jack Eichel 44) at 19:34

Penalties :
Seth Jones (STL) for Hooking (Minor) at 13:59

Goalie Stats

Ben Bishop (WPG), 32 saves from 36 shots - (0,889), L, 32-11-4, 60:00 minutes
Carter Hart (STL), 30 saves from 32 shots - (0,938), W, 30-14-7, 60:00 minutes

Players Stats for Jets

Player Name              G  A  P  +/- PIM S  H  SB GA TA FO     MP     PP MP  PK MP  
------------------------------------------------------------------------------------
Brandon Saad             0  0  0   0  0   2  0  0  0  0  0/1    10:18   0:00   0:00 
Brock Nelson             1  1  2  -1  0   3  1  0  0  0  19/28  21:57   1:01   0:00 
Bryan Rust               1  1  2  -1  0   8  3  0  0  0  0/2    21:57   1:01   0:00 
Devon Toews              0  0  0   0  0   1  2  0  0  0  0/0    18:30   0:52   1:04 
Hampus Lindholm          0  1  1   1  0   2  0  1  0  0  0/0    19:03   1:07   0:55 
Jaccob Slavin            0  0  0  -3  0   1  2  0  0  0  0/0    24:29   1:07   0:55 
Jay Bouwmeester          0  0  0   0  0   1  2  2  0  0  0/0    12:22   0:00   0:00 
Joel Eriksson Ek         0  0  0   0  0   1  0  0  0  0  7/14   10:47   0:00   0:29 
Kasperi Kapanen          0  0  0  -1  0   2  1  0  0  0  0/2    10:29   0:00   0:00 
Keith Yandle             0  0  0  -3  0   0  0  3  0  0  0/0    24:23   0:52   1:04 
Mathew Barzal            0  0  0  -1  0   3  2  0  0  0  14/28  18:21   0:58   0:00 
Mats Zuccarello          0  0  0  -1  0   1  0  0  0  0  0/0    18:21   0:58   0:00 
Mikko Koivu              0  0  0   0  0   0  0  0  0  0  7/12    8:55   0:00   1:30 
Nick Foligno             0  0  0   0  0   0  2  0  0  0  0/0     7:54   0:00   0:29 
Nick Schmaltz            0  0  0   0  0   3  0  0  0  0  0/2    21:46   1:01   0:00 
Nikita Zaitsev           0  0  0   1  2   0  0  0  0  0  0/0    21:12   0:00   0:00 
Tim Schaller             0  0  0   0  0   0  1  0  0  0  0/2     8:55   0:00   1:30 
Zach Parise              0  0  0  -1  0   4  2  0  0  0  0/1    18:21   0:58   0:00 

Players Stats for Blues

Player Name              G  A  P  +/- PIM S  H  SB GA TA FO     MP     PP MP  PK MP  
------------------------------------------------------------------------------------
Anthony Mantha           0  0  0   0  0   1  0  1  0  0  0/0    16:40   0:54   0:00 
Chase De Leo             0  0  0  -1  0   1  0  0  0  0  3/9     7:49   0:00   1:26 
Christian Dvorak         0  1  1   0  0   6  1  1  0  0  10/19  16:37   0:51   0:00 
Colin Miller             0  0  0   1  0   0  1  1  0  0  0/0    13:20   0:00   0:26 
Dougie Hamilton          0  1  1   1  0   0  1  0  0  0  0/0    24:12   1:05   1:33 
Henri Jokiharju          0  0  0   1  0   0  0  0  0  0  0/0    12:36   0:00   0:00 
Jack Eichel              1  2  3   3  0   10 4  0  0  0  13/32  19:50   1:08   0:00 
Johnny Gaudreau          0  0  0   0  0   2  1  0  0  0  0/2    16:37   0:51   0:00 
Jordan Staal             0  0  0   1  0   1  1  0  0  0  3/5    17:02   0:00   1:40 
Josh Bailey              1  0  1   2  0   3  0  0  0  0  1/2    19:39   1:08   0:00 
Martin Necas             0  0  0  -1  0   3  0  0  0  0  0/0     6:23   0:00   0:00 
Michael Chaput           0  0  0  -1  0   0  1  0  0  0  2/2     6:42   0:00   0:19 
Mikko Rantanen           0  1  1   2  0   2  1  0  0  0  0/0    19:39   1:08   0:00 
Miles Wood               0  0  0   0  0   1  1  0  0  0  0/0    15:30   0:00   0:19 
P.K. Subban              0  1  1   0  0   1  6  1  0  0  0/0    23:05   0:00   1:13 
Ryan Pulock              1  0  1   1  0   3  2  2  0  0  0/0    22:56   0:54   0:46 
Sean Couturier           0  0  0   1  0   0  2  0  0  0  13/21  16:27   0:51   0:14 
Seth Jones               1  0  1   0  2   2  2  2  0  0  0/0    22:56   1:05   0:00 

3 Stars

1 - Jack Eichel (STL)
2 - Ryan Pulock (STL)
3 - Josh Bailey (STL)

Power Play

Jets - 0 on 1 Attempt(s) - 0,00%
Blues - 0 on 1 Attempt(s) - 0,00%

Penalty Kill

Jets - 1 on 1 Attempt(s) - 100,00% - Score 0 goal in Penalty Kill
Blues - 1 on 1 Attempt(s) - 100,00% - Score 0 goal in Penalty Kill

Team Stat

Jets - Hits : 18 - Faceoff Wins : 47 - Blocked Shots : 6 - Penalty Minutes : 2
Blues - Hits : 24 - Faceoff Wins : 45 - Blocked Shots : 8 - Penalty Minutes : 2

Official

Referees : Kyle Rehman and Eric Furlatt
Linesman : Brian Murphy and Brent Hooks

Game Notes

Josh Bailey is injured at 19:23 of 3rd period (Sprained Right Finger)

Finance

Level 1 -- Attendance: 6500 (100,00%) -- Ticket Income 715 000 $
Level 2 -- Attendance: 5000 (100,00%) -- Ticket Income 375 000 $
Level 3 -- Attendance: 3056 (87,31%) -- Ticket Income 168 080 $
Level 4 -- Attendance: 1562 (100,00%) -- Ticket Income 60 918 $
Luxury Box -- Attendance: 1000 (100,00%) -- Ticket Income 199 000 $
Game was played at the Scottrade Center.
Total Attendance: 17118 (97,47%)
Total Ticket Income: 1 517 998 $
Other Income: 743 819 $
Total Income: 2 261 817 $

% Time on Ice - Jets

Lines # - Real PCT - Wanted PCT - Time Play
Normal Forward
1 - 37% - 42% - 20:45
2 - 31% - 33% - 17:23
3 - 18% - 16% - 10:18
4 - 13% - 9% - 7:25
Normal Defense
1 - 40% - 40% - 22:16
2 - 30% - 30% - 17:01
3 - 21% - 20% - 11:42
4 - 9% - 10% - 4:52
PP Forward
1 - 51% - 60% - 1:01
2 - 49% - 40% - 0:58
PP Defense
1 - 56% - 60% - 1:07
2 - 44% - 40% - 0:52
PK Forward
1 - 76% - 60% - 1:30
2 - 24% - 40% - 0:29
PK Defense
1 - 46% - 60% - 0:55
2 - 54% - 40% - 1:04
PK3 Forward
1 - 0% - 60%
2 - 0% - 40%
PK3 Defense
1 - 0% - 60%
2 - 0% - 40%
44 Forward
1 - 0% - 60%
2 - 0% - 40%
44 Defense
1 - 0% - 60%
2 - 0% - 40%
Last Minute Offensive  - 0:11
Last Minute Defensive  - 0:00
Total
Forward - 60:00
Defense - 60:00

% Time on Ice - Blues

Lines # - Real PCT - Wanted PCT - Time Play
Normal Forward
1 - 33% - 36% - 18:13
2 - 28% - 29% - 15:46
3 - 27% - 28% - 15:11
4 - 11% - 7% - 6:23
Normal Defense
1 - 39% - 40% - 21:41
2 - 38% - 40% - 21:16
3 - 23% - 20% - 12:36
4 - 0% - 0% - 0:00
PP Forward
1 - 57% - 50% - 1:08
2 - 43% - 50% - 0:51
PP Defense
1 - 55% - 60% - 1:05
2 - 45% - 40% - 0:54
PK Forward
1 - 84% - 60% - 1:40
2 - 16% - 40% - 0:19
PK Defense
1 - 83% - 60% - 1:39
2 - 17% - 40% - 0:20
PK3 Forward
1 - 0% - 60%
2 - 0% - 40%
PK3 Defense
1 - 0% - 60%
2 - 0% - 40%
44 Forward
1 - 0% - 60%
2 - 0% - 40%
44 Defense
1 - 0% - 50%
2 - 0% - 50%
Last Minute Offensive  - 0:00
Last Minute Defensive  - 0:29
Total
Forward - 60:00
Defense - 60:00

Play-by-Play

1st period


0:01 of 1st period - Brock Nelson wins face-off versus Josh Bailey in neutral zone.
0:35 of 1st period - Off-side.
0:36 of 1st period - Christian Dvorak wins face-off versus Mathew Barzal in neutral zone.
0:58 of 1st period - Shot by Mats Zuccarello.
0:58 of 1st period - Shot Misses the Net.
1:25 of 1st period - Icing by Hampus Lindholm.
1:26 of 1st period - Sean Couturier wins face-off versus Mathew Barzal in Jets zone.
2:01 of 1st period - Shot by Jordan Staal.
2:01 of 1st period - Stopped by Ben Bishop without a rebound.
2:02 of 1st period - Brock Nelson wins face-off versus Chase De Leo in Jets zone.
2:34 of 1st period - P.K. Subban is hit by Jaccob Slavin and loses puck.
2:46 of 1st period - Icing by Seth Jones.
2:47 of 1st period - Joel Eriksson Ek wins face-off versus Chase De Leo in Blues zone.
3:50 of 1st period - Josh Bailey is hit by Jay Bouwmeester and loses puck.
4:17 of 1st period - Icing by Nick Foligno.
4:18 of 1st period - Mikko Koivu wins face-off versus Sean Couturier in Jets zone.
4:35 of 1st period - Mikko Koivu is hit by Colin Miller.
5:27 of 1st period - Shot by Christian Dvorak.
5:27 of 1st period - Stopped by Ben Bishop with a rebound.
5:29 of 1st period - Shot by Ryan Pulock.
5:29 of 1st period - Goal by Ryan Pulock - Jets : 0 - Blues : 1.
5:30 of 1st period - Josh Bailey wins face-off versus Mathew Barzal in neutral zone.
5:35 of 1st period - Shot by Mikko Rantanen.
5:35 of 1st period - Stopped by Ben Bishop without a rebound.
5:36 of 1st period - Jack Eichel wins face-off versus Mathew Barzal in Jets zone.
6:20 of 1st period - Off-side.
6:21 of 1st period - Christian Dvorak wins face-off versus Brock Nelson in neutral zone.
6:39 of 1st period - Shot by Bryan Rust.
6:39 of 1st period - Stopped by Carter Hart without a rebound.
6:40 of 1st period - Sean Couturier wins face-off versus Mikko Koivu in Blues zone.
8:55 of 1st period - Shot by Mats Zuccarello.
8:55 of 1st period - Shot Blocked by Seth Jones.
8:58 of 1st period - Icing by P.K. Subban.
8:59 of 1st period - Joel Eriksson Ek wins face-off versus Jack Eichel in Blues zone.
9:04 of 1st period - Shot by Brandon Saad.
9:04 of 1st period - Deflect By Kasperi Kapanen.
9:04 of 1st period - Stopped by Carter Hart without a rebound.
9:05 of 1st period - Sean Couturier wins face-off versus Joel Eriksson Ek in Blues zone.
9:05 of 1st period - Sean Couturier is hit by Kasperi Kapanen.
9:13 of 1st period - Shot by Kasperi Kapanen.
9:13 of 1st period - Stopped by Carter Hart without a rebound.
9:14 of 1st period - Chase De Leo wins face-off versus Mikko Koivu in Blues zone.
9:14 of 1st period - Chase De Leo is hit by Nick Foligno.
10:11 of 1st period - Off-side.
10:12 of 1st period - Brock Nelson wins face-off versus Christian Dvorak in neutral zone.
10:14 of 1st period - Off-side.
10:15 of 1st period - Brock Nelson wins face-off versus Christian Dvorak in neutral zone.
10:28 of 1st period - Anthony Mantha is hit by Bryan Rust and loses puck.
10:37 of 1st period - Shot by Brock Nelson.
10:37 of 1st period - Shot Misses the Net.
10:47 of 1st period - Shot by Brock Nelson.
10:47 of 1st period - Shot Misses the Net.
10:49 of 1st period - Shot by Bryan Rust.
10:49 of 1st period - Stopped by Carter Hart without a rebound.
10:50 of 1st period - Mathew Barzal wins face-off versus Jack Eichel in Blues zone.
11:05 of 1st period - Shot by Jack Eichel.
11:05 of 1st period - Stopped by Ben Bishop without a rebound.
11:06 of 1st period - Joel Eriksson Ek wins face-off versus Sean Couturier in Jets zone.
11:11 of 1st period - Shot by Devon Toews.
11:11 of 1st period - Stopped by Carter Hart without a rebound.
11:12 of 1st period - Jack Eichel wins face-off versus Mathew Barzal in Blues zone.
12:16 of 1st period - Shot by Miles Wood.
12:16 of 1st period - Stopped by Ben Bishop without a rebound.
12:17 of 1st period - Joel Eriksson Ek wins face-off versus Christian Dvorak in Jets zone.
12:46 of 1st period - Shot by Brandon Saad.
12:46 of 1st period - Stopped by Carter Hart without a rebound.
12:47 of 1st period - Brock Nelson wins face-off versus Sean Couturier in Blues zone.
12:53 of 1st period - Brock Nelson is hit by P.K. Subban and loses puck.
13:05 of 1st period - Icing by P.K. Subban.
13:06 of 1st period - Sean Couturier wins face-off versus Mikko Koivu in Blues zone.
13:25 of 1st period - Shot by Jordan Staal.
13:25 of 1st period - Shot Misses the Net.
13:27 of 1st period - Shot by P.K. Subban.
13:27 of 1st period - Stopped by Ben Bishop without a rebound.
13:28 of 1st period - Brock Nelson wins face-off versus Jack Eichel in Jets zone.
13:45 of 1st period - Shot by Jack Eichel.
13:45 of 1st period - Stopped by Ben Bishop without a rebound.
13:46 of 1st period - Mathew Barzal wins face-off versus Christian Dvorak in Jets zone.
13:46 of 1st period - Mathew Barzal is hit by Christian Dvorak.
14:25 of 1st period - Shot by Zach Parise.
14:25 of 1st period - Deflect By Mathew Barzal.
14:25 of 1st period - Shot Misses the Net.
14:27 of 1st period - Shot by Mathew Barzal.
14:27 of 1st period - Stopped by Carter Hart without a rebound.
14:28 of 1st period - Brock Nelson wins face-off versus Jack Eichel in Blues zone.
14:34 of 1st period - Off-side.
14:35 of 1st period - Jack Eichel wins face-off versus Brock Nelson in neutral zone.
15:02 of 1st period - Shot by Bryan Rust.
15:02 of 1st period - Stopped by Carter Hart with a rebound.
15:05 of 1st period - Icing by Mikko Rantanen.
15:06 of 1st period - Jack Eichel wins face-off versus Joel Eriksson Ek in Blues zone.
16:48 of 1st period - Shot by Johnny Gaudreau.
16:48 of 1st period - Stopped by Ben Bishop without a rebound.
16:49 of 1st period - Chase De Leo wins face-off versus Brock Nelson in Jets zone.
17:12 of 1st period - Shot by Nick Schmaltz.
17:12 of 1st period - Stopped by Carter Hart without a rebound.
17:13 of 1st period - Mathew Barzal wins face-off versus Christian Dvorak in Blues zone.
17:17 of 1st period - Shot by Zach Parise.
17:17 of 1st period - Stopped by Carter Hart without a rebound.
17:18 of 1st period - Jack Eichel wins face-off versus Zach Parise in Blues zone.
17:29 of 1st period - Shot by Jack Eichel.
17:29 of 1st period - Deflect By Mikko Rantanen.
17:29 of 1st period - Shot Blocked by Jay Bouwmeester.
17:31 of 1st period - Shot by Josh Bailey.
17:31 of 1st period - Deflect By Mikko Rantanen.
17:31 of 1st period - Shot Misses the Net.
17:33 of 1st period - Shot by Ryan Pulock.
17:33 of 1st period - Stopped by Ben Bishop without a rebound.
17:34 of 1st period - Christian Dvorak wins face-off versus Brock Nelson in Jets zone.
17:51 of 1st period - Shot by Bryan Rust.
17:51 of 1st period - Deflect By Nick Schmaltz.
17:51 of 1st period - Shot Misses the Net.
17:53 of 1st period - Shot by Bryan Rust.
17:53 of 1st period - Stopped by Carter Hart with a rebound.
17:55 of 1st period - Shot by Hampus Lindholm.
17:55 of 1st period - Shot Misses the Net.
17:57 of 1st period - Shot by Brock Nelson.
17:57 of 1st period - Shot Misses the Net.
18:56 of 1st period - Shot by Mathew Barzal.
18:56 of 1st period - Stopped by Carter Hart with a rebound.
18:58 of 1st period - Shot by Jay Bouwmeester.
18:58 of 1st period - Shot Misses the Net.
19:00 of 1st period - Shot by Mats Zuccarello.
19:00 of 1st period - Shot Blocked by Christian Dvorak.
19:02 of 1st period - Shot by Zach Parise.
19:02 of 1st period - Shot Misses the Net.
Goals for this period are 0 for Jets vs 1 for Blues.
Shots for this period are 12 for Jets vs 10 for Blues.

2nd period


0:01 of 2nd period - Brock Nelson wins face-off versus Sean Couturier in neutral zone.
0:15 of 2nd period - Shot by Bryan Rust.
0:15 of 2nd period - Stopped by Carter Hart without a rebound.
0:16 of 2nd period - Mathew Barzal wins face-off versus Jack Eichel in Blues zone.
0:49 of 2nd period - Shot by Josh Bailey.
0:49 of 2nd period - Stopped by Ben Bishop without a rebound.
0:50 of 2nd period - Brock Nelson wins face-off versus Sean Couturier in Jets zone.
0:52 of 2nd period - Nikita Zaitsev is hit by Jordan Staal.
1:03 of 2nd period - Bryan Rust is hit by Ryan Pulock and loses puck.
1:23 of 2nd period - Hampus Lindholm is hit by Dougie Hamilton.
2:11 of 2nd period - Shot by Jack Eichel.
2:11 of 2nd period - Stopped by Ben Bishop without a rebound.
2:12 of 2nd period - Mathew Barzal wins face-off versus Johnny Gaudreau in Jets zone.
2:12 of 2nd period - Mathew Barzal is hit by Johnny Gaudreau.
2:30 of 2nd period - Shot by Christian Dvorak.
2:30 of 2nd period - Stopped by Ben Bishop without a rebound.
2:31 of 2nd period - Mikko Koivu wins face-off versus Jack Eichel in Jets zone.
3:12 of 2nd period - Icing by P.K. Subban.
3:13 of 2nd period - Brock Nelson wins face-off versus Jack Eichel in Blues zone.
3:35 of 2nd period - Jaccob Slavin is hit by Jack Eichel and loses puck.
4:11 of 2nd period - Shot by Miles Wood.
4:11 of 2nd period - Deflect By Sean Couturier.
4:11 of 2nd period - Shot Misses the Net.
4:13 of 2nd period - Shot by Ryan Pulock.
4:13 of 2nd period - Stopped by Ben Bishop without a rebound.
4:14 of 2nd period - Christian Dvorak wins face-off versus Joel Eriksson Ek in Jets zone.
4:23 of 2nd period - Shot by Johnny Gaudreau.
4:23 of 2nd period - Deflect By Christian Dvorak.
4:23 of 2nd period - Stopped by Ben Bishop without a rebound.
4:24 of 2nd period - Mathew Barzal wins face-off versus Chase De Leo in Jets zone.
4:29 of 2nd period - Henri Jokiharju is hit by Zach Parise and loses puck.
4:54 of 2nd period - Shot by Martin Necas.
4:54 of 2nd period - Stopped by Ben Bishop without a rebound.
4:55 of 2nd period - Sean Couturier wins face-off versus Nick Schmaltz in Jets zone.
5:53 of 2nd period - Shot by Brandon Saad.
5:53 of 2nd period - Shot Misses the Net.
6:39 of 2nd period - Mathew Barzal is hit by P.K. Subban and loses puck.
7:27 of 2nd period - Keith Yandle is hit by P.K. Subban and loses puck.
8:11 of 2nd period - Bryan Rust is hit by Seth Jones.
8:14 of 2nd period - Brock Nelson is hit by P.K. Subban and loses puck.
8:35 of 2nd period - Shot by Josh Bailey.
8:35 of 2nd period - Goal by Josh Bailey - Jets : 0 - Blues : 2.
8:36 of 2nd period - Joel Eriksson Ek wins face-off versus Chase De Leo in neutral zone.
8:47 of 2nd period - Shot by Kasperi Kapanen.
8:47 of 2nd period - Deflect By Brandon Saad.
8:47 of 2nd period - Stopped by Carter Hart without a rebound.
8:48 of 2nd period - Jack Eichel wins face-off versus Mathew Barzal in Blues zone.
9:00 of 2nd period - Icing by Colin Miller.
9:01 of 2nd period - Jack Eichel wins face-off versus Brock Nelson in Blues zone.
10:20 of 2nd period - Shot by Zach Parise.
10:20 of 2nd period - Shot Misses the Net.
10:23 of 2nd period - Icing by Dougie Hamilton.
10:24 of 2nd period - Sean Couturier wins face-off versus Brandon Saad in Blues zone.
10:28 of 2nd period - Minor Penalty to Nikita Zaitsev for Slashing.
10:29 of 2nd period - Mikko Koivu wins face-off versus Jack Eichel in Jets zone.
10:42 of 2nd period - Shot by Jack Eichel.
10:42 of 2nd period - Stopped by Ben Bishop without a rebound.
10:43 of 2nd period - Mikko Koivu wins face-off versus Jack Eichel in Jets zone.
10:51 of 2nd period - Shot by Anthony Mantha.
10:51 of 2nd period - Shot Misses the Net.
10:53 of 2nd period - Shot by Josh Bailey.
10:53 of 2nd period - Shot Blocked by Keith Yandle.
11:27 of 2nd period - Shot by Seth Jones.
11:27 of 2nd period - Stopped by Ben Bishop without a rebound.
11:28 of 2nd period - Sean Couturier wins face-off versus Mikko Koivu in Jets zone.
11:51 of 2nd period - Shot by Christian Dvorak.
11:51 of 2nd period - Stopped by Ben Bishop without a rebound.
11:52 of 2nd period - Joel Eriksson Ek wins face-off versus Jack Eichel in Jets zone.
11:52 of 2nd period - Joel Eriksson Ek is hit by Jack Eichel.
12:10 of 2nd period - Shot by Josh Bailey.
12:10 of 2nd period - Shot Misses the Net.
12:12 of 2nd period - Shot by Josh Bailey.
12:12 of 2nd period - Stopped by Ben Bishop without a rebound.
12:13 of 2nd period - Sean Couturier wins face-off versus Tim Schaller in Jets zone.
12:30 of 2nd period - Shot by Martin Necas.
12:30 of 2nd period - Stopped by Ben Bishop without a rebound.
12:31 of 2nd period - Brock Nelson wins face-off versus Chase De Leo in Jets zone.
12:58 of 2nd period - Shot by Chase De Leo.
12:58 of 2nd period - Stopped by Ben Bishop without a rebound.
12:59 of 2nd period - Jack Eichel wins face-off versus Mathew Barzal in Jets zone.
13:11 of 2nd period - Shot by Josh Bailey.
13:11 of 2nd period - Shot Misses the Net.
13:13 of 2nd period - Shot by Jack Eichel.
13:13 of 2nd period - Stopped by Ben Bishop with a rebound.
13:17 of 2nd period - Shot by Mikko Rantanen.
13:17 of 2nd period - Shot Blocked by Keith Yandle.
13:32 of 2nd period - Shot by Jack Eichel.
13:32 of 2nd period - Goal by Jack Eichel - Jets : 0 - Blues : 3.
13:33 of 2nd period - Brock Nelson wins face-off versus Sean Couturier in neutral zone.
13:45 of 2nd period - Hampus Lindholm is hit by Sean Couturier and loses puck.
14:00 of 2nd period - Shot by Nick Schmaltz.
14:00 of 2nd period - Shot Misses the Net.
14:06 of 2nd period - Hampus Lindholm is hit by Sean Couturier and loses puck.
14:15 of 2nd period - Shot by Sean Couturier.
14:15 of 2nd period - Shot Misses the Net.
15:15 of 2nd period - Icing by Christian Dvorak.
15:16 of 2nd period - Christian Dvorak wins face-off versus Mathew Barzal in Blues zone.
15:46 of 2nd period - Icing by Keith Yandle.
15:47 of 2nd period - Mathew Barzal wins face-off versus Jack Eichel in Jets zone.
15:47 of 2nd period - Mathew Barzal is hit by Mikko Rantanen.
16:15 of 2nd period - Hampus Lindholm is hit by Jack Eichel and loses puck.
16:34 of 2nd period - Shot by Brock Nelson.
16:34 of 2nd period - Deflect By Nick Schmaltz.
16:34 of 2nd period - Stopped by Carter Hart without a rebound.
16:35 of 2nd period - Sean Couturier wins face-off versus Joel Eriksson Ek in Blues zone.
16:39 of 2nd period - Off-side.
16:40 of 2nd period - Sean Couturier wins face-off versus Joel Eriksson Ek in neutral zone.
16:53 of 2nd period - Shot by Kasperi Kapanen.
16:53 of 2nd period - Shot Misses the Net.
17:26 of 2nd period - Icing by Seth Jones.
17:27 of 2nd period - Sean Couturier wins face-off versus Nick Schmaltz in Blues zone.
17:27 of 2nd period - Sean Couturier is hit by Bryan Rust.
17:42 of 2nd period - Off-side.
17:43 of 2nd period - Mathew Barzal wins face-off versus Jack Eichel in neutral zone.
18:02 of 2nd period - Shot by Jack Eichel.
18:02 of 2nd period - Stopped by Ben Bishop without a rebound.
18:03 of 2nd period - Brock Nelson wins face-off versus Christian Dvorak in Jets zone.
18:24 of 2nd period - Shot by Bryan Rust.
18:24 of 2nd period - Shot Misses the Net.
18:26 of 2nd period - Shot by Bryan Rust.
18:26 of 2nd period - Stopped by Carter Hart without a rebound.
18:27 of 2nd period - Jack Eichel wins face-off versus Mathew Barzal in Blues zone.
18:50 of 2nd period - Mikko Rantanen is hit by Devon Toews and loses puck.
19:19 of 2nd period - Keith Yandle is hit by Jack Eichel and loses puck.
Goals for this period are 0 for Jets vs 2 for Blues.
Shots for this period are 4 for Jets vs 16 for Blues.

3rd period


0:01 of 3rd period - Jack Eichel wins face-off versus Bryan Rust in neutral zone.
0:07 of 3rd period - Icing by Nikita Zaitsev.
0:08 of 3rd period - Jack Eichel wins face-off versus Brock Nelson in Jets zone.
0:21 of 3rd period - Shot by Jack Eichel.
0:21 of 3rd period - Stopped by Ben Bishop without a rebound.
0:22 of 3rd period - Christian Dvorak wins face-off versus Mathew Barzal in Jets zone.
0:41 of 3rd period - Shot by Zach Parise.
0:41 of 3rd period - Stopped by Carter Hart without a rebound.
0:42 of 3rd period - Brock Nelson wins face-off versus Jack Eichel in Blues zone.
0:47 of 3rd period - Shot by Brock Nelson.
0:47 of 3rd period - Shot Blocked by Ryan Pulock.
0:51 of 3rd period - Shot by Nick Schmaltz.
0:51 of 3rd period - Deflect By Brock Nelson.
0:51 of 3rd period - Shot Misses the Net.
0:53 of 3rd period - Shot by Brock Nelson.
0:53 of 3rd period - Stopped by Carter Hart without a rebound.
0:54 of 3rd period - Mathew Barzal wins face-off versus Johnny Gaudreau in Blues zone.
1:25 of 3rd period - Shot by Zach Parise.
1:25 of 3rd period - Stopped by Carter Hart with a rebound.
1:27 of 3rd period - Shot by Jaccob Slavin.
1:27 of 3rd period - Shot Misses the Net.
1:42 of 3rd period - Keith Yandle is hit by Seth Jones and loses puck.
1:59 of 3rd period - Shot by Brock Nelson.
1:59 of 3rd period - Goal by Brock Nelson - Jets : 1 - Blues : 3.
2:00 of 3rd period - Joel Eriksson Ek wins face-off versus Jack Eichel in neutral zone.
2:33 of 3rd period - Shot by Mikko Rantanen.
2:33 of 3rd period - Shot Blocked by Jay Bouwmeester.
4:28 of 3rd period - Shot by Martin Necas.
4:28 of 3rd period - Stopped by Ben Bishop without a rebound.
4:29 of 3rd period - Mikko Koivu wins face-off versus Christian Dvorak in Jets zone.
4:37 of 3rd period - Icing by P.K. Subban.
4:38 of 3rd period - Christian Dvorak wins face-off versus Mathew Barzal in Blues zone.
4:55 of 3rd period - Icing by Jaccob Slavin.
4:56 of 3rd period - Mathew Barzal wins face-off versus Jack Eichel in Jets zone.
6:18 of 3rd period - Shot by Joel Eriksson Ek.
6:18 of 3rd period - Shot Misses the Net.
6:45 of 3rd period - Joel Eriksson Ek is hit by P.K. Subban and loses puck.
7:02 of 3rd period - Shot by Johnny Gaudreau.
7:02 of 3rd period - Stopped by Ben Bishop without a rebound.
7:03 of 3rd period - Brock Nelson wins face-off versus Chase De Leo in Jets zone.
7:03 of 3rd period - Brock Nelson is hit by Michael Chaput.
7:11 of 3rd period - Shot by Bryan Rust.
7:11 of 3rd period - Goal by Bryan Rust - Jets : 2 - Blues : 3.
7:12 of 3rd period - Brock Nelson wins face-off versus Jack Eichel in neutral zone.
7:28 of 3rd period - Shot by Bryan Rust.
7:28 of 3rd period - Shot Blocked by Ryan Pulock.
7:30 of 3rd period - Shot by Bryan Rust.
7:30 of 3rd period - Stopped by Carter Hart with a rebound.
7:44 of 3rd period - Shot by Nick Schmaltz.
7:44 of 3rd period - Stopped by Carter Hart without a rebound.
7:45 of 3rd period - Sean Couturier wins face-off versus Tim Schaller in Blues zone.
7:45 of 3rd period - Sean Couturier is hit by Tim Schaller.
7:52 of 3rd period - Mikko Koivu is hit by Miles Wood.
7:56 of 3rd period - Shot by Devon Toews.
7:56 of 3rd period - Shot Blocked by Seth Jones.
8:05 of 3rd period - Nick Foligno is hit by P.K. Subban.
8:59 of 3rd period - Icing by Seth Jones.
9:00 of 3rd period - Brock Nelson wins face-off versus Sean Couturier in Blues zone.
9:14 of 3rd period - Off-side.
9:15 of 3rd period - Jack Eichel wins face-off versus Joel Eriksson Ek in neutral zone.
9:20 of 3rd period - Shot by Jack Eichel.
9:20 of 3rd period - Stopped by Ben Bishop without a rebound.
9:21 of 3rd period - Brock Nelson wins face-off versus Jack Eichel in Jets zone.
9:35 of 3rd period - Shot by Jaccob Slavin.
9:35 of 3rd period - Shot Misses the Net.
9:51 of 3rd period - Shot by Mikko Rantanen.
9:51 of 3rd period - Stopped by Ben Bishop without a rebound.
9:52 of 3rd period - Mathew Barzal wins face-off versus Christian Dvorak in Jets zone.
10:09 of 3rd period - Shot by Mathew Barzal.
10:09 of 3rd period - Shot Misses the Net.
10:11 of 3rd period - Shot by Zach Parise.
10:11 of 3rd period - Deflect By Mathew Barzal.
10:11 of 3rd period - Stopped by Carter Hart without a rebound.
10:12 of 3rd period - Chase De Leo wins face-off versus Joel Eriksson Ek in Blues zone.
11:52 of 3rd period - Shot by Zach Parise.
11:52 of 3rd period - Shot Misses the Net.
11:54 of 3rd period - Shot by Jay Bouwmeester.
11:54 of 3rd period - Stopped by Carter Hart with a rebound.
12:20 of 3rd period - Shot by Jack Eichel.
12:20 of 3rd period - Stopped by Ben Bishop without a rebound.
12:21 of 3rd period - Christian Dvorak wins face-off versus Mikko Koivu in Jets zone.
12:31 of 3rd period - Johnny Gaudreau is hit by Nick Foligno.
12:32 of 3rd period - Icing by Johnny Gaudreau.
12:33 of 3rd period - Christian Dvorak wins face-off versus Kasperi Kapanen in Blues zone.
12:54 of 3rd period - Shot by Brandon Saad.
12:54 of 3rd period - Shot Blocked by Anthony Mantha.
12:56 of 3rd period - Shot by Kasperi Kapanen.
12:56 of 3rd period - Shot Blocked by Colin Miller.
12:58 of 3rd period - Shot by Joel Eriksson Ek.
12:58 of 3rd period - Stopped by Carter Hart without a rebound.
12:59 of 3rd period - Jack Eichel wins face-off versus Brock Nelson in Blues zone.
13:01 of 3rd period - Mikko Rantanen is hit by Bryan Rust and loses puck.
13:16 of 3rd period - Shot by Brock Nelson.
13:16 of 3rd period - Shot Misses the Net.
13:38 of 3rd period - Shot by Bryan Rust.
13:38 of 3rd period - Shot Misses the Net.
13:40 of 3rd period - Shot by Nikita Zaitsev.
13:40 of 3rd period - Shot Hit the Post.
13:49 of 3rd period - Mikko Rantanen is hit by Mathew Barzal and loses puck.
13:56 of 3rd period - Icing by Jack Eichel.
13:57 of 3rd period - Mikko Koivu wins face-off versus Jack Eichel in Blues zone.
13:59 of 3rd period - Minor Penalty to Seth Jones for Hooking.
14:00 of 3rd period - Mathew Barzal wins face-off versus Jordan Staal in Blues zone.
14:11 of 3rd period - Shot by Mathew Barzal.
14:11 of 3rd period - Deflect By Zach Parise.
14:11 of 3rd period - Stopped by Carter Hart without a rebound.
14:12 of 3rd period - Mathew Barzal wins face-off versus Jordan Staal in Blues zone.
14:19 of 3rd period - Shot by Jaccob Slavin.
14:19 of 3rd period - Stopped by Carter Hart without a rebound.
14:20 of 3rd period - Jordan Staal wins face-off versus Brock Nelson in Blues zone.
14:20 of 3rd period - Jordan Staal is hit by Brock Nelson.
14:34 of 3rd period - Shot by Hampus Lindholm.
14:34 of 3rd period - Shot Blocked by P.K. Subban.
14:58 of 3rd period - Shot by Hampus Lindholm.
14:58 of 3rd period - Stopped by Carter Hart without a rebound.
14:59 of 3rd period - Michael Chaput wins face-off versus Mathew Barzal in Blues zone.
15:14 of 3rd period - Shot by Devon Toews.
15:14 of 3rd period - Shot Misses the Net.
15:16 of 3rd period - Shot by Mats Zuccarello.
15:16 of 3rd period - Stopped by Carter Hart without a rebound.
15:17 of 3rd period - Jordan Staal wins face-off versus Mathew Barzal in Blues zone.
15:17 of 3rd period - Jordan Staal is hit by Zach Parise.
15:33 of 3rd period - Shot by Hampus Lindholm.
15:33 of 3rd period - Stopped by Carter Hart without a rebound.
15:34 of 3rd period - Jordan Staal wins face-off versus Bryan Rust in Blues zone.
15:55 of 3rd period - Shot by Brock Nelson.
15:55 of 3rd period - Stopped by Carter Hart without a rebound.
15:56 of 3rd period - Michael Chaput wins face-off versus Mathew Barzal in Blues zone.
16:28 of 3rd period - Shot by Christian Dvorak.
16:28 of 3rd period - Stopped by Ben Bishop with a rebound.
16:34 of 3rd period - Shot by Colin Miller.
16:34 of 3rd period - Shot Blocked by Hampus Lindholm.
16:36 of 3rd period - Shot by Anthony Mantha.
16:36 of 3rd period - Stopped by Ben Bishop without a rebound.
16:37 of 3rd period - Brock Nelson wins face-off versus Jack Eichel in Jets zone.
17:12 of 3rd period - Bryan Rust is hit by Ryan Pulock and loses puck.
17:44 of 3rd period - Icing by Keith Yandle.
17:45 of 3rd period - Christian Dvorak wins face-off versus Brock Nelson in Jets zone.
17:49 of 3rd period - Christian Dvorak is hit by Jaccob Slavin.
18:15 of 3rd period - Shot by Christian Dvorak.
18:15 of 3rd period - Stopped by Ben Bishop without a rebound.
18:16 of 3rd period - Mathew Barzal wins face-off versus Sean Couturier in Jets zone.
18:28 of 3rd period - Sean Couturier is hit by Mathew Barzal and loses puck.
18:32 of 3rd period - Seth Jones is hit by Jay Bouwmeester and loses puck.
19:17 of 3rd period - Shot by Jack Eichel.
19:17 of 3rd period - Shot Hit the Post.
19:22 of 3rd period - Josh Bailey is hit by Devon Toews.
19:23 of 3rd period - Josh Bailey from Blues is injured at 19:23 of 3rd period (Sprained Right Finger).
19:24 of 3rd period - Sean Couturier wins face-off versus Kasperi Kapanen in Jets zone.
19:32 of 3rd period - Shot by Seth Jones.
19:32 of 3rd period - Shot Blocked by Keith Yandle.
19:34 of 3rd period - Shot by Seth Jones.
19:34 of 3rd period - Goal by Seth Jones - Jets : 2 - Blues : 4.
19:35 of 3rd period - Mikko Koivu wins face-off versus Christian Dvorak in neutral zone.
Goals for this period are 2 for Jets vs 1 for Blues.
Shots for this period are 16 for Jets vs 10 for Blues.